Map: Magannatha LE

Players

ByuN

  • Race: Terran Terran
  • Spawn Location: 11:00

FalconsSolar (Solar) - Winner!

  • Race: Zerg Zerg
  • League: Grandmaster
  • Spawn Location: 5:00

VOD

Have the link to the VOD?

Description

Time

  • Played on: Aug. 24, 2025, 8:50 a.m.
  • Length: 25:07
Show
View Real Time Build Order
Export as new Build Order

ByuN Terran 

Build Orders:  

Get SALT Encoding   

  12  0:00  SCV  
  13  0:12  SCV  
  14  0:18  Supply Depot  
  14  0:24  SCV  
  15  0:39  SCV  
  15  0:40  Barracks  
  16  0:43  Refinery  
  16  0:52  SCV  
  17  1:00  Barracks  
  17  1:04  SCV  
  18  1:16  SCV  
  19  1:23  Barracks  
  19  1:27  Reaper  
  20  1:37  Orbital Command  
  20  1:42  Refinery  
  20  1:47  Reaper  
  21  1:55  Supply Depot  
  21  2:02  Reaper  
  21  2:03  SCV  
  23  2:16  Reaper  
  23  2:17  SCV  
  23  2:19  Supply Depot  
  25  2:24  Reaper  
  25  2:29  SCV  
  27  2:34  Reaper  
  28  2:41  SCV  
  29  2:50  Reaper  
  30  2:59  Reaper  
  30  3:00  Command Center  
  31  3:09  SCV  
  32  3:21  SCV  
  31  3:36  Command Center  
  31  3:37  SCV  
  32  3:44  Factory  
  32  3:47  Barracks Tech Lab, Barracks Reactor  
  32  3:49  SCV  
  33  4:01  SCV  
  34  4:12  Engineering Bay  
  34  4:13  SCV  
  34  4:14  Engineering Bay, Marine  
  36  4:19  Orbital Command  
  36  4:26  SCV  
  36  4:30  Marine x2  
  36  4:31  Stimpack  
  39  4:32  Marine  
  39  4:38  SCV  
  41  4:40  Barracks Reactor  
  40  4:47  Terran Infantry Armor Level 1, Marine x2  
  40  4:50  SCV  
  40  4:51  Terran Infantry Weapons Level 1  
  43  4:57  SCV  
  41  5:01  Marine  
  41  5:02  SCV  
  41  5:04  Orbital Command  
  41  5:05  Marine x2  
  45  5:10  Factory Reactor  
  45  5:11  SCV  
  46  5:14  SCV  
  46  5:16  Starport  
  46  5:19  Marine  
  46  5:20  Marine x2  
  50  5:23  SCV  
  50  5:25  Marine x2  
  50  5:26  SCV  
  54  5:33  SCV  
  55  5:35  SCV, Refinery  
  55  5:36  Refinery  
  55  5:38  SCV, Marine  
  55  5:39  Marine x2  
  60  5:43  Marine  
  60  5:45  SCV, Supply Depot  
  60  5:46  Marine  
  60  5:48  SCV  
  64  5:50  SCV  
  64  5:56  Factory Reactor  
  65  5:57  SCV  
  65  6:02  Marine x3  
  69  6:06  Marine x2  
  69  6:07  SCV x2, Medivac x2  
  69  6:09  Supply Depot  
  77  6:12  Armory  
  77  6:16  Orbital Command  
  77  6:20  Combat Shield  
  77  6:30  Barracks, Marine x5  
  77  6:32  Supply Depot, Barracks  
  83  6:35  SCV x2  
  83  6:38  Medivac  
  83  6:39  Medivac  
  88  6:45  Widow Mine  
  88  6:46  Widow Mine  
  92  6:48  SCV  
  92  6:53  Marine x3  
  96  6:57  Marine  
  94  7:01  Terran Infantry Armor Level 2  
  94  7:03  SCV  
  94  7:04  Marine  
  85  7:11  SCV x2, Marine  
  85  7:14  Terran Infantry Weapons Level 2  
  85  7:15  SCV, Factory Tech Lab  
  86  7:17  Marine x3  
  86  7:19  Barracks Tech Lab  
  89  7:25  Medivac  
  89  7:27  Medivac, Orbital Command  
  89  7:29  SCV  
  95  7:30  SCV x2  
  95  7:33  Siege Tank  
  95  7:36  Orbital Command  
  99  7:37  Marauder  
  99  7:42  Marine x2  
  99  7:43  Marauder, Marine x3  
  106  7:50  SCV x2  
  105  7:53  Concussive Shells  
  105  7:54  Marine  
  106  7:59  Marauder  
  106  8:00  Marine  
  106  8:04  SCV x2, Marine x4  
  106  8:05  Marauder  
  117  8:06  Terran Vehicle Weapons Level 1  
  117  8:10  Supply Depot x2  
  117  8:11  Supply Depot  
  117  8:14  SCV  
  113  8:20  Marauder, Marine x2  
  113  8:21  Marine  
  117  8:29  Supply Depot  
  117  8:31  Marine x3  
  117  8:34  Medivac x2  
  122  8:35  Siege Tank  
  122  8:37  Marine  
  128  8:41  Marauder  
  128  8:43  Marauder  
  128  8:45  Marine x2  
  128  8:47  Command Center  
  132  8:48  SCV x2  
  132  8:49  SCV, Marine  
  136  9:00  Factory  
  135  9:06  Marauder x2  
  135  9:07  Marine x4  
  137  9:10  Marine x2  
  137  9:12  Siege Tank  
  137  9:13  SCV x3  
  137  9:15  Medivac  
  147  9:19  Refinery  
  147  9:21  Supply Depot  
  147  9:22  Supply Depot  
  147  9:27  SCV  
  141  9:31  Marauder x2  
  141  9:33  Marine x2  
  141  9:34  Marine x2  
  141  9:36  Marine x2  
  146  9:44  Factory Reactor  
  146  9:46  Barracks  
  146  9:47  Barracks  
  146  9:49  Barracks  
  146  9:50  Terran Infantry Armor Level 3  
  148  9:53  Marauder  
  148  9:55  Terran Infantry Weapons Level 3, Marine  
  148  9:56  Marine  
  149  10:03  Marine x2  
  149  10:04  Marine x2  
  141  10:09  Marine  
  141  10:13  Marine x2  
  147  10:14  SCV x2, Marauder  
  147  10:21  Marine x2  
  148  10:22  Marine x2  
  148  10:27  Marauder  
  128  10:31  Marine x2  
  121  10:35  Marauder  
  121  10:37  Barracks Tech Lab x2, Barracks Reactor  
  121  10:38  Marine  
  121  10:39  SCV x2, Marine  
  121  10:40  SCV, Marine  
  121  10:41  Widow Mine x3  
  131  10:48  Marauder  
  133  10:53  Planetary Fortress  
  133  10:55  Marauder x2  
  139  10:57  Marauder  
  139  10:59  Marine x5  
  139  11:01  Marine  
  147  11:06  Widow Mine x2  
  147  11:08  Drilling Claws, Widow Mine  
  147  11:10  Marauder  
  151  11:19  Marauder x2  
  151  11:21  Marauder  
  152  11:26  Marine  
  152  11:27  Marine  
  152  11:28  Marine x2  
  152  11:29  Marine x2  
  152  11:30  Marine x2  
  152  11:31  Marauder  
  152  11:36  Widow Mine  
  152  11:37  Widow Mine  
  155  11:41  Marauder x2  
  155  11:42  Marauder  
  155  11:44  Marine x2  
  155  11:46  Marine x3  
  155  11:47  Marine x2  
  166  11:49  Marine  
  166  11:52  Command Center  
  166  11:53  Marauder  
  169  11:58  Command Center  
  167  12:02  Marauder x2, Marine x2  
  167  12:03  Marauder  
  167  12:04  Marine x4  
  167  12:05  Marine  
  180  12:10  Supply Depot  
  180  12:11  Marine  
  180  12:14  Marauder  
  180  12:15  SCV x3  
  180  12:20  Marine x2, Widow Mine x2  
  180  12:22  Marine  
  175  12:23  Marauder x2  
  175  12:25  Marauder  
  175  12:26  Marine  
  175  12:27  Widow Mine  
  175  12:28  SCV x3  
  176  12:37  Marauder  
  176  12:40  SCV x2  
  176  12:41  Marine, Widow Mine  
  175  12:45  Marauder x2  
  175  12:50  Marauder  
  160  12:52  Marine  
  160  12:53  Marine  
  160  12:54  Marine x2  
  160  12:55  Widow Mine x2  
  160  12:56  Medivac x2  
  160  12:58  Marauder  
  166  12:59  Marine x2  
  166  13:03  Widow Mine  
  164  13:06  Marauder x2  
  164  13:12  Marauder  
  166  13:13  Marine  
  166  13:16  Widow Mine x2  
  166  13:19  Marauder  
  162  13:22  Marine x2  
  162  13:24  Widow Mine  
  162  13:26  Medivac x2  
  170  13:27  Starport x2  
  170  13:28  SCV x2, Marauder  
  170  13:29  SCV  
  170  13:32  Sensor Tower  
  170  13:33  Marine x4  
  179  13:37  Marine  
  179  13:38  Marine  
  181  13:42  Orbital Command  
  181  13:54  Marauder x2  
  181  13:55  Marauder x2  
  189  13:56  Liberator x2  
  192  14:19  Marauder  
  192  14:20  Marauder, Marine x3  
  192  14:22  Widow Mine  
  192  14:23  Marine, Widow Mine  
  175  14:24  Medivac x2  
  175  14:26  Marine x3  
  175  14:29  Marauder x2, Marine  
  167  14:38  Marine x3, Liberator  
  167  14:39  Liberator  
  167  14:40  Refinery  
  167  14:43  Marauder x2  
  167  14:44  Marine x3  
  183  14:50  Marauder x2  
  187  14:57  Widow Mine x2  
  187  14:58  Marine  
  187  14:59  Marine x2  
  193  15:02  Marine  
  193  15:04  Marauder x2  
  196  15:12  Marauder x2  
  185  15:14  Marine x2, Orbital Command  
  185  15:16  Marine x2  
  185  15:19  Marine x2  
  181  15:21  Liberator x2  
  181  15:23  Marine x2  
  181  15:25  Marauder  
  181  15:26  Marauder  
  191  15:32  Medivac x2, Marine  
  191  15:33  Marauder x2  
  200  15:47  Marauder x2  
  200  16:04  Widow Mine  
  199  16:08  Marine  
  198  16:22  Ghost Academy  
  198  16:24  Marauder  
  200  16:30  Widow Mine  
  196  16:42  Marauder x2  
  200  17:03  Command Center  
  200  17:05  Command Center  
  200  17:06  Command Center  
  200  17:10  Sensor Tower  
  200  17:18  Starport Reactor  
  200  17:19  Starport Reactor  
  200  17:36  Ghost  
  199  17:39  Ghost  
  199  17:42  Marine x2  
  199  17:43  Widow Mine x2  
  150  17:44  Medivac, Marine  
  190  17:47  Marine x2  
  190  17:51  Ghost  
  180  17:56  Ghost  
  180  17:58  Marine x2  
  161  18:00  Marine x2  
  161  18:01  Marine  
  161  18:03  Marine  
  161  18:05  Ghost, Marine x2, Liberator x3  
  151  18:06  Liberator  
  151  18:08  Ghost  
  151  18:16  Marine x2  
  151  18:18  SCV x2, Marine  
  151  18:19  Ghost  
  146  18:21  Marine  
  146  18:25  Ghost  
  146  18:26  Marine  
  132  18:28  Orbital Command x2  
  130  18:34  Marine  
  130  18:36  Ghost, Marine  
  130  18:37  Marine  
  128  18:48  Marine  
  128  18:50  Marine  
  128  18:53  SCV x3  
  123  19:00  SCV  
  116  19:05  SCV, Ghost  
  116  19:06  Barracks Tech Lab  
  116  19:07  SCV x2  
  119  19:10  Marine x6  
  119  19:11  Barracks Tech Lab  
  119  19:15  Ghost  
  128  19:20  SCV x2  
  128  19:21  SCV x2  
  132  19:28  Marine x3  
  132  19:29  Marine  
  136  19:34  Marauder  
  136  19:35  Marine  
  136  19:36  Marine x2  
  136  19:38  Planetary Fortress  
  141  19:50  Marauder, Ghost  
  146  19:54  Marine x5  
  146  19:55  Marine x2  
  146  19:56  Marauder  
  155  20:06  Missile Turret  
  151  20:11  Ghost  
  116  20:25  Ghost  
  116  20:26  Marine x5  
  116  20:28  Marauder  
  124  20:29  Marine  
  123  20:39  Marine  
  123  20:42  Marine  
  124  20:44  Marine  
  124  20:48  Marine x2  
  127  20:57  Ghost  
  127  21:00  Marauder x2, Marine  
  132  21:10  Widow Mine  
  134  21:15  Orbital Command  
  134  21:23  SCV x3  
  137  21:32  Widow Mine  
  139  21:34  Marine x3  
  139  21:37  SCV x3  
  145  21:42  SCV  
  145  21:43  SCV  
  144  21:49  SCV x2  
  144  21:53  Widow Mine  
  147  21:59  Refinery x2  
  147  22:01  SCV  
  147  22:03  SCV  
  149  22:13  Liberator  
  152  22:19  Marauder x2  
  152  22:20  Marauder  
  158  22:28  Liberator  
  158  22:29  Orbital Command  
  153  22:40  Reaper  
  153  22:44  Ghost  
  142  22:50  SCV x2  
  147  22:51  Medivac  
  149  23:01  SCV x2  
  149  23:03  Medivac  
  151  23:20  SCV  
  151  23:21  SCV, Marine x2  
  155  23:32  Marauder x2  
  150  23:39  Marine, Widow Mine  
  150  23:40  Marine  
  150  23:41  Marine  
  149  23:45  Orbital Command  
  149  23:46  Marine  
  138  23:54  Medivac  
  140  23:59  Marauder, Marine x2  
  140  24:00  Marauder, Widow Mine  
  140  24:01  Medivac  
  133  24:10  SCV x3  
  133  24:12  SCV  
  137  24:21  Liberator  
  137  24:22  Marauder  
  137  24:23  SCV  
  143  24:27  Medivac  
  143  24:28  Marine x9  
  154  24:37  Refinery  
  154  24:43  Marine  
Show
View Real Time Build Order
Export as new Build Order

FalconsSolar Zerg - Winner!

Build Orders: Hatch First, Lurkers 

Get SALT Encoding   

  12  0:00  Drone  
  13  0:08  Drone  
  14  0:15  Drone, Extractor  
  15  0:22  Overlord  
  15  0:40  Drone  
  16  0:45  Hatchery  
  16  0:49  Drone  
  16  0:53  Drone  
  16  0:55  Drone  
  18  1:07  Extractor  
  17  1:11  Spawning Pool  
  17  1:14  Drone  
  17  1:19  Drone  
  18  1:27  Drone  
  19  1:38  Drone  
  20  1:48  Drone  
  21  1:58  Queen x2  
  21  1:59  Zergling x4  
  27  2:08  Zergling x2  
  28  2:10  Overlord  
  28  2:13  Metabolic Boost  
  28  2:29  Zergling x2  
  29  2:30  Drone  
  29  2:32  Overlord  
  29  2:33  Zergling x2  
  29  2:35  Queen  
  32  2:44  Queen  
  32  2:48  Drone  
  35  2:53  Overlord  
  35  2:55  Zergling x2  
  35  2:57  Zergling x2  
  37  3:02  Drone  
  38  3:08  Zergling x6  
  38  3:09  Drone  
  42  3:16  Drone  
  42  3:17  Drone  
  44  3:26  Zergling x4  
  46  3:36  Hatchery  
  46  3:37  Overlord  
  46  3:39  Drone  
  46  3:44  Drone x3  
  46  3:47  Drone  
  46  3:48  Drone  
  50  3:58  Drone x4  
  50  4:02  Queen  
  56  4:09  Overlord  
  55  4:11  Drone  
  56  4:19  Roach Warren, Zergling x6  
  56  4:22  Overlord  
  58  4:27  Drone  
  58  4:29  Drone x3  
  62  4:32  Extractor  
  61  4:39  Drone  
  61  4:43  Drone  
  60  4:45  Drone  
  60  4:51  Drone  
  61  4:54  Drone  
  61  4:55  Drone  
  61  4:56  Drone  
  61  4:57  Drone x2  
  61  4:58  Queen  
  61  4:59  Queen  
  65  5:00  Drone  
  65  5:02  Lair  
  65  5:05  Drone  
  65  5:06  Drone  
  67  5:07  Extractor  
  67  5:10  Drone  
  67  5:15  Overlord  
  67  5:17  Evolution Chamber, Drone  
  67  5:21  Drone  
  67  5:26  Drone  
  69  5:29  Drone x2  
  69  5:31  Drone x2  
  69  5:33  Drone x7  
  80  5:38  Drone, Extractor  
  80  5:39  Extractor  
  80  5:40  Zergling x2  
  80  5:42  Zerg Ground Armor Level 1  
  79  5:48  Zergling x2  
  80  5:50  Overlord  
  80  5:52  Hatchery, Drone  
  80  5:56  Overlord  
  80  6:03  Glial Reconstitution  
  80  6:05  Overlord  
  80  6:06  Overlord  
  80  6:07  Overlord  
  80  6:09  Overseer, Roach x4  
  88  6:13  Overlord  
  88  6:16  Roach  
  88  6:17  Roach x2  
  94  6:18  Roach  
  94  6:23  Roach  
  98  6:26  Roach x2  
  98  6:28  Overlord  
  102  6:34  Roach  
  102  6:36  Drone  
  102  6:37  Roach  
  102  6:38  Roach x3  
  102  6:39  Spore Crawler  
  112  6:42  Overlord  
  112  6:45  Roach x3  
  118  6:50  Roach  
  118  6:51  Roach  
  118  6:53  Roach x3  
  128  6:59  Roach x2  
  126  7:04  Queen  
  126  7:06  Roach x3  
  126  7:07  Roach  
  124  7:11  Roach x3  
  124  7:12  Extractor  
  124  7:13  Ravager  
  124  7:14  Ravager  
  133  7:15  Roach, Ravager  
  133  7:18  Roach  
  133  7:20  Roach  
  138  7:25  Drone x3  
  138  7:26  Drone x2, Ravager  
  144  7:31  Drone x4  
  144  7:32  Infestation Pit  
  147  7:38  Drone x2  
  147  7:39  Overlord, Drone x3  
  147  7:42  Zerg Missile Weapons Level 1  
  152  7:46  Overlord  
  152  7:47  Overlord  
  152  7:50  Evolution Chamber  
  152  7:51  Drone  
  152  7:54  Overlord  
  152  7:56  Overlord, Baneling Nest  
  152  7:58  Overlord  
  151  7:59  Drone  
  151  8:00  Drone  
  151  8:01  Overlord  
  151  8:04  Overlord  
  153  8:06  Drone x2  
  153  8:07  Drone  
  153  8:10  Drone  
  155  8:21  Roach  
  155  8:22  Roach x2  
  155  8:24  Hive  
  155  8:31  Zerg Ground Armor Level 2  
  155  8:32  Infestor x2  
  159  8:36  Drone x3  
  159  8:38  Extractor  
  161  8:42  Zergling x12, Extractor  
  161  8:43  Zergling x2  
  161  8:44  Ravager  
  161  8:45  Ravager  
  161  8:47  Zergling x8  
  161  8:48  Overseer  
  173  8:51  Pneumatized Carapace  
  173  8:52  Hatchery  
  173  8:53  Zergling x4  
  174  8:57  Centrifugal Hooks  
  174  8:59  Drone x3  
  174  9:02  Zergling x10  
  182  9:07  Zergling x10  
  182  9:11  Ravager  
  182  9:13  Zergling x10  
  182  9:16  Spore Crawler  
  187  9:21  Drone  
  187  9:22  Hydralisk Den, Zergling x8  
  178  9:34  Zergling x2  
  178  9:35  Zergling x10  
  178  9:36  Zerg Melee Weapons Level 1  
  178  9:37  Adrenal Glands  
  184  9:39  Ravager  
  184  9:42  Baneling x3  
  184  9:43  Baneling x14  
  184  9:44  Drone x2  
  184  9:45  Drone x3  
  190  9:50  Zergling x16  
  196  9:53  Baneling x9  
  196  9:55  Drone  
  196  9:59  Zergling x6  
  198  10:03  Zergling x4  
  189  10:08  Zergling x2  
  189  10:09  Zergling x12  
  189  10:12  Ravager  
  189  10:14  Zergling x6  
  200  10:17  Grooved Spines  
  199  10:21  Overseer  
  199  10:27  Zergling x18  
  178  10:31  Zergling x6  
  178  10:34  Zergling x2  
  169  10:37  Lurker Den  
  168  10:46  Drone, Hydralisk x5  
  168  10:48  Ravager  
  180  10:51  Baneling  
  180  10:52  Baneling x10  
  180  10:54  Hatchery  
  180  10:56  Zerg Ground Armor Level 3  
  180  10:57  Hatchery  
  178  10:58  Zergling x4  
  178  10:59  Zergling x4  
  178  11:01  Overseer  
  182  11:07  Zergling x16, Muscular Augments  
  182  11:10  Drone x2  
  191  11:16  Zergling x18  
  193  11:19  Zergling x2  
  193  11:20  Zergling x6  
  183  11:25  Zergling x2  
  183  11:26  Zergling x12  
  183  11:29  Zergling x4  
  184  11:34  Adaptive Talons  
  184  11:38  Zerg Melee Weapons Level 2  
  183  11:42  Drone  
  183  11:43  Baneling x14  
  183  11:44  Baneling x3  
  182  11:51  Hydralisk x4  
  182  11:53  Hydralisk  
  184  11:55  Zergling x10  
  184  11:57  Zergling x12  
  184  12:01  Zergling x12  
  191  12:09  Lurker x4  
  191  12:10  Hydralisk x3  
  191  12:13  Zergling x4  
  195  12:19  Lurker x4  
  195  12:20  Zergling x10  
  193  12:24  Zergling x20  
  190  12:30  Hydralisk x3  
  193  12:41  Hydralisk x3  
  182  12:44  Zergling x14  
  182  12:46  Zergling x4  
  182  12:49  Hydralisk x2  
  170  12:53  Zergling x8  
  170  12:55  Zergling x4  
  170  12:56  Zergling x4  
  163  13:00  Zergling x8  
  163  13:04  Zergling x8  
  155  13:16  Unknown  
  155  13:18  Hatchery  
  148  13:25  Hatchery  
  148  13:26  Lurker  
  148  13:27  Lurker x4  
  148  13:32  Baneling x4  
  148  13:33  Zerg Missile Weapons Level 2  
  152  13:37  Drone x3  
  152  13:38  Hydralisk x2  
  159  13:44  Hydralisk x2  
  159  13:48  Lurker x2  
  165  13:52  Baneling x6  
  165  13:54  Hydralisk  
  167  14:04  Zergling x4  
  167  14:05  Zergling x2  
  167  14:07  Nydus Network  
  169  14:11  Drone x2  
  169  14:13  Hydralisk x3  
  171  14:21  Hydralisk x2  
  171  14:24  Zergling x6  
  153  14:27  Zergling x4  
  147  14:33  Zergling x8  
  147  14:35  Drone x2  
  147  14:37  Zergling x4  
  155  14:45  Nydus Canal  
  155  14:46  Lurker x3  
  155  14:49  Baneling x4  
  157  14:56  Zergling x20  
  163  15:01  Zergling x12  
  163  15:04  Zergling x4  
  149  15:14  Overseer x2, Hydralisk x6  
  149  15:19  Hydralisk x3  
  152  15:23  Lurker x2  
  152  15:25  Hydralisk  
  152  15:26  Zergling x6  
  160  15:28  Zergling x6  
  160  15:29  Zergling x2  
  160  15:31  Zergling x2  
  160  15:33  Drone  
  160  15:34  Drone x2  
  160  15:35  Zergling x2  
  168  15:36  Baneling x5  
  168  15:39  Lurker  
  168  15:41  Zergling x6  
  167  15:54  Hydralisk x3  
  172  15:58  Viper  
  172  15:59  Zergling x6  
  172  16:01  Zergling x2  
  172  16:02  Zergling x2  
  169  16:04  Hatchery, Zergling x4  
  169  16:06  Zergling x2  
  169  16:09  Zergling x4  
  174  16:15  Hydralisk x2  
  171  16:20  Hydralisk  
  171  16:23  Zergling x4  
  171  16:24  Zergling x6  
  175  16:26  Zergling x2  
  175  16:28  Zergling x2  
  175  16:29  Zergling x2  
  175  16:32  Hydralisk x2  
  174  16:37  Zergling x8  
  169  16:41  Baneling x6  
  169  16:45  Hydralisk  
  169  16:48  Nydus Canal  
  169  16:51  Overseer  
  169  16:53  Lurker x4  
  173  16:54  Hydralisk  
  172  17:01  Zergling x12  
  172  17:07  Drone  
  180  17:09  Zergling x4  
  180  17:11  Viper x2  
  186  17:17  Lurker  
  186  17:18  Lurker  
  186  17:19  Hydralisk x2  
  186  17:20  Zergling x2  
  192  17:24  Drone x2  
  191  17:32  Hydralisk x3  
  191  17:34  Zergling x8  
  186  17:37  Zergling x2  
  186  17:38  Zergling x4  
  186  17:41  Seismic Spines  
  186  17:43  Zergling x2  
  171  17:46  Hydralisk  
  162  17:52  Zergling x10  
  155  17:59  Hydralisk x2  
  155  18:04  Hydralisk  
  155  18:05  Hydralisk  
  152  18:10  Zergling x4  
  152  18:12  Zergling x4  
  149  18:14  Zergling x2  
  144  18:20  Hydralisk  
  144  18:24  Zergling x2  
  144  18:25  Zergling x6  
  143  18:29  Hydralisk  
  143  18:31  Hydralisk  
  143  18:33  Overseer  
  149  18:34  Zergling x6  
  149  18:36  Zergling x2  
  149  18:38  Zergling x4  
  152  18:46  Hydralisk x3  
  135  18:56  Zergling x6  
  129  19:12  Hatchery, Lurker x4  
  129  19:13  Lurker, Baneling  
  129  19:14  Baneling x2  
  133  19:19  Hydralisk x5  
  143  19:24  Hydralisk  
  143  19:25  Zergling x2  
  143  19:27  Baneling x3  
  143  19:29  Zergling x2  
  147  19:33  Zergling x2  
  147  19:34  Zergling x2  
  146  19:41  Hydralisk  
  146  19:45  Drone  
  146  19:52  Zergling x8  
  148  19:55  Hydralisk  
  148  19:59  Zergling x6  
  152  20:10  Zergling x8  
  152  20:20  Viper x2  
  135  20:21  Hydralisk x2  
  135  20:27  Zergling x6  
  140  20:33  Zergling x6  
  137  20:40  Zergling x10  
  127  20:46  Lurker x4  
  127  20:47  Baneling  
  127  20:48  Baneling  
  127  20:49  Baneling  
  127  20:58  Zergling x14  
  127  21:02  Hydralisk  
  135  21:04  Zergling x4  
  135  21:07  Hydralisk  
  130  21:11  Lurker x4  
  130  21:13  Hydralisk  
  133  21:19  Hydralisk  
  133  21:20  Hydralisk  
  133  21:22  Lurker x2  
  133  21:23  Hydralisk  
  141  21:27  Zergling x4  
  141  21:28  Zergling x4  
  141  21:31  Baneling x2  
  144  21:39  Zergling x16  
  151  21:41  Zergling x2  
  151  21:45  Zergling x6  
  151  21:46  Zergling x2  
  156  21:50  Hydralisk  
  156  21:53  Nydus Canal  
  158  22:00  Hydralisk  
  160  22:02  Lurker, Extractor  
  160  22:04  Zergling x2  
  160  22:05  Zergling x2  
  162  22:10  Overseer  
  162  22:11  Zergling x10  
  162  22:14  Overseer  
  167  22:17  Zergling x8  
  167  22:19  Baneling  
  167  22:22  Baneling  
  170  22:24  Zergling x10  
  170  22:28  Hatchery  
  173  22:30  Zergling x12  
  173  22:34  Zergling x2  
  173  22:35  Zergling x4  
  170  22:37  Zergling x4  
  170  22:41  Zergling x8  
  170  22:42  Zergling x2  
  165  22:47  Baneling  
  165  22:48  Baneling x6, Zergling x4  
  165  22:50  Zergling x2  
  165  22:54  Hydralisk x2  
  165  22:56  Zergling x2  
  165  22:58  Zergling x6  
  171  23:03  Zergling x6  
  175  23:06  Drone x3  
  175  23:07  Drone  
  175  23:09  Baneling x2  
  177  23:15  Hydralisk x2  
  177  23:18  Zergling x6  
  183  23:20  Hydralisk  
  183  23:22  Zergling x2  
  184  23:30  Zergling x10  
  155  23:42  Hydralisk x2  
  155  23:46  Zergling x12  
  162  23:51  Zergling x8  
  162  23:53  Overseer x2  
  141  23:56  Zergling x8  
  141  23:59  Hydralisk  
  141  24:00  Zergling x2  
  146  24:04  Zergling x4  
  146  24:07  Hydralisk  
  143  24:10  Hydralisk  
  143  24:13  Zergling x2  
  146  24:17  Hydralisk  
  148  24:31  Hydralisk, Zergling x2  
  148  24:32  Zergling x10  
  148  24:34  Zergling x2  
  148  24:35  Baneling x2, Zergling x6  
  148  24:37  Zergling x2  
  138  24:48  Zergling x16  
  138  24:49  Zergling x2  
Tags
 
Composition
Lurkers
Matchup
TvZ
Player
ByuNSolar
Spawn Locations
Cross Positions
Add a new tag
Caveats
  • Supply blocks, unpowered buildings, or Contaminate may cause inaccurate times.
  • Supply counts are checked every 10 seconds.